 Dungeon Crawl Stone Soup version 0.18.1-5-g4a78601 (webtiles) character file.

101 epen the Grave Robber (level 4, -6/33 HPs)
             Began as a Ghoul Necromancer on May 12, 2016.
             Was a Follower of Cheibriados.
             Mangled by epen's ghost (8 damage)
             ... on level 3 of the Dungeon.
             The game lasted 00:06:29 (2698 turns).

epen the Grave Robber (Ghoul Necromancer)           Turns: 2698, Time: 00:06:30

Health: -6/33      AC:  2    Str: 20    XL:     4   Next: 75%
Magic:  2/6        EV: 12    Int: 13    God:    Cheibriados [*.....]
Gold:   139        SH:  0    Dex: 11    Spells: 3 memorised, 2 levels left

rFire  . . .     SeeInvis .       - Unarmed
rCold  + . .     Gourm    .     a - +0 robe
rNeg   + + +     Faith    .     (no shield)
rPois  ∞         Spirit   .     (no helmet)
rElec  .         Dismiss  .     (no cloak)
rCorr  .         Reflect  .     (no gloves)
SustAt .         Harm     .     (no boots)
MR     .....                    (no amulet)
Stlth  ++........               j - +2 ring of strength
                                i - ring of positive energy

@: mighty, very slightly contaminated, rotting, very slow, not resistant to
hostile enchantments, unstealthy
A: rotting body, claws 1, carnivore 3, cold resistance 1, negative energy
resistance 3, slow regeneration 1, torment resistance, unbreathing
a: Bend Time, Renounce Religion


You were on level 3 of the Dungeon.
You worshipped Cheibriados.
Cheibriados was aware of your devotion.
You were not hungry.

You visited 1 branch of the dungeon, and saw 3 of its levels.

You collected 139 gold pieces.

Inventory:

Armour
 a - a +0 robe (worn)
Jewellery
 i - a ring of positive energy (left claw)
 j - a +2 ring of strength (right claw)
Scrolls
 e - 2 scrolls of immolation {unknown}
 f - 2 scrolls of recharging {unknown}
 g - a scroll of random uselessness {unknown}
 h - 2 scrolls of identify {unknown}
 k - 2 scrolls of enchant armour {unknown}
 l - 3 scrolls of teleportation {unknown}
 q - a scroll of remove curse {unknown}
Potions
 d - 3 potions of might
 m - a potion of mutation {unknown}
 n - a potion of lignification {unknown}
 o - a potion of heal wounds {unknown}
 p - a potion of degeneration {unknown}
 s - a potion of curing {unknown}
Books
 b - a book of Necromancy

   Spells                             Type                      Level
   a - Pain                           Necromancy                   1
   b - Animate Skeleton               Necromancy                   1
   c - Vampiric Draining              Necromancy                   3
   d - Regeneration                   Charms/Necromancy            3
   e - Animate Dead                   Necromancy                   4
   f - Control Undead                 Necromancy                   4
Comestibles
 c - 2 meat rations
 r - 4 chunks of flesh


   Skills:
 + Level 2.4 Dodging
 - Level 2.1 Stealth
 + Level 1.8 Unarmed Combat
 + Level 2.4 Spellcasting
 * Level 4.8 Necromancy


You had 2 spell levels left.
You knew the following spells:

 Your Spells              Type           Power        Failure   Level  Hunger
a - Pain                  Necr           ##..         4%          1    #......
b - Animate Skeleton      Necr           N/A          4%          1    #......
c - Regeneration          Chrm/Necr      #.........   28%         3    ###....


Dungeon Overview and Level Annotations

Branches:
Dungeon (3/15)

Altars:
Cheibriados
Kikubaaqudgha
Trog
Xom

Annotations:
D:3 epen's ghost, weakling DsAK


Innate Abilities, Weirdness & Mutations

Your body is rotting away.
You thrive on raw meat.
You are immune to poison.
You have sharp fingernails.
You are carnivorous and can eat meat at any time.
Your flesh is cold resistant.
You are immune to negative energy.
You regenerate slowly when monsters are visible.
You are immune to unholy pain and torment.
You can survive without breathing.


Message History

Your adder skeleton bites epen's ghost.
Epen's ghost barely misses you.
Drink which item? (? for menu, Esc to quit)
Okay, then.
You claw epen's ghost!
Epen's ghost is severely damaged.
Your adder skeleton barely misses epen's ghost.
Epen's ghost barely misses you.
You scratch epen's ghost but do no damage.
Epen's ghost is severely damaged.
Your adder skeleton barely misses epen's ghost.
Epen's ghost barely misses you.
You scratch epen's ghost.
Epen's ghost is almost destroyed.
Your adder skeleton closely misses epen's ghost.
Epen's ghost barely misses you.
You closely miss epen's ghost.
Epen's ghost is severely damaged.
Your adder skeleton barely misses epen's ghost.
Epen's ghost hits you!
You die...

. .##### ....### #....#
#....# ######### ###
###.##..†.####.......######..
#..>.....ZZW@'...............
#######.######.......######..
#.# #.......# #.. #.#
#.......# #.. #.# #.......#
### ... #.......# ...
######### ... ###


You could see epen's ghost, a friendly adder skeleton and a friendly goblin
skeleton.

Vanquished Creatures
  4 adders
  A worm (D:2)
  2 dart slugs (D:2)
  2 giant geckos (D:2)
  A giant cockroach (D:2)
  10 goblins
  3 hobgoblins
  6 jackals
  10 kobolds
  2 quokkas (D:2)
  5 bats
  4 giant newts
  5 rats
55 creatures vanquished.

Notes
Turn   | Place    | Note
--------------------------------------------------------------
     0 | D:1      | epen the Ghoul Necromancer began the quest for the Orb.
     0 | D:1      | Reached XP level 1. HP: 14/14 MP: 2/2
     2 | D:1      | Learned a level 1 spell: Animate Skeleton
   277 | D:1      | Reached XP level 2. HP: 3/18 MP: 3/3
   932 | D:1      | Reached XP level 3. HP: 15/26 MP: 5/5
  1235 | D:2      | Found a shimmering altar of Xom.
  1250 | D:2      | Reached skill level 1 in Unarmed Combat
  1296 | D:2      | HP: 1/26 [giant gecko (3)]
  1362 | D:2      | Found a snail-covered altar of Cheibriados.
  1375 | D:2      | Became a worshipper of Cheibriados the Contemplative
  1398 | D:2      | Learned a level 3 spell: Regeneration
  1488 | D:2      | Reached XP level 4. HP: 31/33 MP: 6/6
  1498 | D:2      | Found a bloodstained altar of Trog.
  1624 | D:2      | Found an ancient bone altar of Kikubaaqudgha.
  1965 | D:2      | Reached * piety under Cheibriados
  2672 | D:3      | Noticed epen's ghost (weakling DsAK)
  2698 | D:3      | Mangled by epen's ghost

Skill      XL: |  1  2  3 |
---------------+----------+-----
Spellcasting   | 2 |  2.4
Dodging        | 2 |  2.4
Unarmed Combat | 1 |  1.8
Stealth        | |  2.1
Necromancy     | |  4.8

Action                   |  1- 3 |  4- 6 || total
-------------------------+-------+-------++-------
Melee: Unarmed           |   133 |   121 ||   254
 Cast: Pain              |    11 |    20 ||    31
       Animate Skeleton  |       |     4 ||     4
       Regeneration      |       |     1 ||     1
  Use: Potion            |       |     1 ||     1
 Stab: Sleeping          |     2 |     2 ||     4
  Eat: Chunk             |    13 |    10 ||    23
Armor: Robe              |    23 |    10 ||    33
Dodge: Dodged            |   102 |    73 ||   175
